 Seeded DCSS version 0.29.1-1-gd02db6906a (webtiles) character file.

Game seed: 11755021972338150004 (custom seed)

1284 lonewolfV2 the Covert (level 8, -2/31 HPs)
             Began as a Felid Conjurer on Oct 17, 2022.
             Was a Believer of Sif Muna.
             Succumbed to a gnoll sergeant's poison
             ... on level 8 of the Dungeon.
             The game lasted 00:28:19 (15752 turns).

lonewolfV2 the Covert (Felid Conjurer)             Turns: 15752, Time: 00:28:20

Health: -2/31      AC:  2    Str:  3    XL:     8   Next: 29%
Magic:  11/18      EV: 24    Int: 26    God:    Sif Muna [**....]
Gold:   447        SH:  0    Dex: 21    Spells: 12/19 levels left
                                        Lives:  0   Deaths: 2

rFire   + . .      SeeInvis +   (weapon unavailable)
rCold   x . .      Faith    +   (shield unavailable)
rNeg    . . .      Spirit   .   (body armour unavailable)
rPois   .          Reflect  .   (helmet unavailable)
rElec   .          Harm     .   (cloak unavailable)
rCorr   +          Rampage  .   (gloves unavailable)
Will    +....                   (boots unavailable)
Stlth   ++++......              m - amulet of faith
HPRegen 0.10/turn               l - ring "Ixokhlor" {Fire rCorr Int+3}
MPRegen 0.16/turn               p - +6 ring of dexterity

@: lethally poisoned (-2 -> -18), quick
A: very small, claws 1, fangs 3, see invisible, speed 1, shaggy fur 2, stealthy
paws, no weapons or thrown items, no armour, multi-lived
a: Renounce Religion, Channel Magic


You were on level 8 of the Dungeon.
You worshipped Sif Muna.
Sif Muna was pleased with you.
You visited 1 branch of the dungeon, and saw 8 of its levels.

You collected 447 gold pieces.

Inventory:

Jewellery
 c - a ring of protection from cold
 l - the ring "Ixokhlor" (left paw) {Fire rCorr Int+3}
   (You acquired it on level 7 of the Dungeon)

   [ring of fire]

   It enhances your fire magic.
   Int:       It affects your intelligence (+3).
   rF:        It protects you from fire.
   rC:        It makes you vulnerable to cold.
   rCorr:     It protects you from acid and corrosion.
 m - an amulet of faith (around neck)
 n - the ring of Radiraof {rPois Str+3}
   (You acquired it on level 7 of the Dungeon)

   [ring of poison resistance]

   Str:       It affects your strength (+3).
   rPois:     It protects you from poison.
 p - a +6 ring of dexterity (right paw)
 u - an amulet of guardian spirit
Wands
 h - a wand of flame (42)
 k - a wand of polymorph (19)
 o - a wand of iceblast (5)
 t - a wand of quicksilver (9)
Scrolls
 e - 3 scrolls of teleportation
 q - a scroll of silence
 s - a scroll of identify
Potions
 a - a potion of magic
 b - a potion of degeneration
 d - 3 potions of heal wounds
 f - 4 potions of curing
 g - a potion of lignification
 i - a potion of brilliance {unknown}
 j - 2 potions of attraction
 r - a potion of haste {unknown}


   Skills:
 + Level 8.3 Dodging
 + Level 8.8 Stealth
 * Level 6.0 Spellcasting
 + Level 6.5 Conjurations
 - Level 6.0 Hexes


You had 12 spell levels left.
You knew the following spells:

 Your Spells              Type           Power      Damage    Failure   Level
a - Magic Dart            Conj           100%       1d8       1%          1
b - Searing Ray           Conj           82%        2d7       1%          2
c - Fulminant Prism       Conj/Hex       20%        3d13      5%          4

Your spell library contained the following spells:

 Spells                   Type           Power      Damage    Failure   Level
 Dazzling Flash           Conj/Hex       80%        N/A       1%          3
 Iskenderun's Mystic Bla  Conj/Tloc      24%        2d7       19%         4
 Call Canine Familiar     Summ           7%         N/A       21%         3
 Leda's Liquefaction      Hex/Erth       11%        N/A       21%         4
 Alistair's Intoxication  Tmut/Pois      4%         N/A       88%         5
 Borgnjor's Vile Clutch   Necr/Erth      3%         N/A       88%         5
 Eringya's Noxious Bog    Tmut/Pois      3%         N/A       100%        6
 Portal Projectile        Hex/Tloc       Unusable   N/A       N/A         3

Dungeon Overview and Level Annotations

Branches:
Dungeon (8/15)             Temple (0/1) D:5            Lair (0/5) D:8

Altars:
Hepliaklqana
Nemelex Xobeh
Okawaru
Sif Muna
Uskayaw
Yredelemnul
Zin
The Shining One

Shops:
D:6 =

Annotations:
D:3 1 runed translucent door, Crazy Yiuf
D:4 Eustachio
D:7 3 runed translucent doors, WillowTheWall's ghost, novice DECj


Innate Abilities, Weirdness & Mutations

You have sharp claws.
You have razor-sharp teeth.
You have supernaturally acute eyesight. (SInv)
You cover ground quickly. (Speed+)
You are covered in thick fur. (AC +2)
Your paws help you pounce on unaware monsters.
You are incapable of wielding weapons or throwing items.
You cannot wear armour.
You gain extra lives every three experience levels.


Message History

Press: ? - help, Dir - move target, p - gnoll sergeant You conjure a prism of explosive energy!
The gnoll shouts! x2
A fulminant prism comes into view.
Your fulminant prism crackles loudly.
Your fulminant prism explodes!
The blast of energy engulfs the gnoll!!
You kill the gnoll!
Sif Muna accepts your kill.
The blast of energy engulfs the gnoll!!
You kill the gnoll!
Sif Muna accepts your kill.
Your Spellcasting skill increases to level 6!
Found a bubbling purple potion.
The gnoll sergeant completely misses you.
Found a stone staircase leading down.
The gnoll sergeant misses you.
The gnoll sergeant completely misses you.
The gnoll sergeant closely misses you.
The gnoll sergeant completely misses you.
The gnoll sergeant hits you from afar with a +0 spear of venom.
You are poisoned.
You feel very sick. The gnoll sergeant closely misses you.
You feel sick.
You feel sick.
You feel sick.
You feel sick.
The gnoll sergeant completely misses you.
You feel sick.
The gnoll sergeant completely misses you.
You feel sick.
You feel sick.
You feel sick. The gnoll sergeant barely misses you.
You feel sick.
You are no longer poisoned.
The gnoll sergeant hits you from afar with a +0 spear of venom!
* * * LOW HITPOINT WARNING * * *
You are lethally poisoned!
You die...

#......................# #.#
#......................######..
#..............).>........†.†.#
#...............)).....######.#
#......................####)#.#
#.....................)........
#...............g......####.#.#
#..............................
#.............@.......)........
#...........................#..
#......................####.#..
#......................# #'#..
...............c........###.....
............................. #
!....................?.......
...######...####.####........ ##
###..###.####.......# #.


You could see a gnoll sergeant and a centaur (wandering).

Vanquished Creatures
  Maurice (D:8)
  Sigmund (D:3)
  A water moccasin (D:7)
  An ice beast (D:5)
  A centaur (D:8)
  2 ogres
  A necrophage (D:7)
  5 bullfrogs
  A wyvern zombie (D:7)
  5 scorpions
  3 killer bees (D:8)
  4 howler monkeys
  A centaur zombie (D:7)
  3 jellies
  2 hounds (D:5)
  2 orc priests
  Jessica (D:2)
  3 iguanas
  Ijyb (D:4)
  An orc wizard (D:7)
  Robin (D:3)
  4 gnolls
  8 adders
  A shadow imp (D:8)
  A white imp (D:4)
  2 ufetubi
  3 worms
  11 orcs
  5 ball pythons
  9 bats
  2 endoplasms
  7 giant cockroaches
  13 goblins
  10 hobgoblins
  3 jackals (D:5)
  7 kobolds
  A quokka (D:1)
  4 frilled lizards
  6 rats
138 creatures vanquished.

Vanquished Creatures (others)
  A hobgoblin (D:3)
  15 fulminant prisms
  2 plants (D:5)
18 creatures vanquished.

Grand Total: 156 creatures vanquished

Notes
Turn   | Place    | Note
-------+----------+-------------------------------------------
     0 | D:1      | lonewolfV2 the Felid Conjurer began the quest for the Orb.
     0 | D:1      | Reached XP level 1. HP: 7/7 MP: 4/4
   552 | D:1      | Reached XP level 2. HP: 11/11 MP: 1/6
  1537 | D:2      | Reached XP level 3. HP: 14/14 MP: 4/7
  2580 | D:2      | Noticed a scorpion
  2598 | D:2      | Killed a scorpion
  2599 | D:2      | Reached XP level 4. HP: 17/18 MP: 0/9
  2718 | D:2      | Learned a level 2 spell: Searing Ray
  2743 | D:2      | Noticed Jessica
  2744 | D:2      | Killed Jessica
  3025 | D:3      | Noticed Robin
  3367 | D:3      | Killed Robin
  3368 | D:3      | Reached XP level 5. HP: 21/21 MP: 6/10
  4132 | D:3      | Found a shimmering blue altar of Sif Muna.
  4133 | D:3      | Noticed Sigmund
  4148 | D:3      | Killed Sigmund
  4149 | D:3      | Reached skill level 5 in Stealth
  4149 | D:3      | Gained mutation: You are covered in thick fur. (AC +2)
                  | [Felid growth]
  4149 | D:3      | Reached XP level 6. HP: 16/24 MP: 2/12
  4345 | D:3      | Learned a level 4 spell: Fulminant Prism
  4352 | D:3      | Became a worshipper of Sif Muna the Loreminder
  5027 | D:3      | Found a runed translucent door.
  5028 | D:3      | Noticed Crazy Yiuf
  5319 | D:3      | Reached skill level 1 in Hexes
  5587 | D:4      | Reached skill level 5 in Dodging
  7073 | D:4      | Reached XP level 7. HP: 27/27 MP: 4/13
  7396 | D:4      | Noticed Eustachio
  8186 | D:4      | Reached skill level 5 in Conjurations
  8675 | D:4      | Noticed Ijyb
  8693 | D:4      | Killed Ijyb
  9143 | D:4      | Noticed an angel
  9144 | D:4      | Found a glowing silver altar of Zin.
  9225 | D:4      | HP: 1/27 [quasit[Eustachio] (1)]
  9227 | D:4      | Slain by a quasit
  9228 | D:4      | Reached XP level 6. HP: 0/24 MP: 5/12
  9321 | D:5      | Entered Level 5 of the Dungeon
  9647 | D:5      | Noticed an ice beast
  9660 | D:5      | Killed an ice beast
  9696 | D:5      | Reached XP level 7. HP: 27/27 MP: 8/14
 10294 | D:5      | Found a staircase to the Ecumenical Temple.
 10380 | D:5      | Reached * piety under Sif Muna
 10381 | D:5      | Reached skill level 5 in Hexes
 11191 | D:5      | Found an iron altar of Okawaru.
 11608 | D:5      | Found a sparkling altar of Nemelex Xobeh.
 11961 | D:6      | Reached XP level 8. HP: 31/31 MP: 7/15
 12190 | D:6      | Found Jatilaics's Jewellery Shop.
 12339 | D:6      | Found a hazy altar of Hepliaklqana.
 12588 | D:7      | Identified a scroll of acquirement
 12588 | D:7      | Acquired the ring "Ixokhlor" {Fire rCorr Int+3}
 13135 | D:7      | Found a hide-covered altar of Uskayaw.
 13211 | D:7      | Found a runed translucent gate.
 13211 | D:7      | Found a runed translucent gate.
 13211 | D:7      | Found a runed translucent gate.
 13211 | D:7      | Noticed WillowTheWall's ghost (novice DECj)
 13213 | D:7      | Found a basalt altar of Yredelemnul.
 13874 | D:7      | Reached skill level 5 in Spellcasting
 14558 | D:7      | Found a glowing golden altar of the Shining One.
 14638 | D:7      | Acquired the ring of Radiraof {rPois Str+3}
 14906 | D:8      | Noticed Maurice
 14925 | D:8      | Killed Maurice
 15431 | D:8      | Found a staircase to the Lair.
 15443 | D:8      | Reached XP level 9. HP: 34/34 MP: 13/18
 15462 | D:8      | Shot with an arrow by a centaur
 15463 | D:8      | Reached XP level 8. HP: -1/31 MP: 9/17
 15700 | D:8      | Reached ** piety under Sif Muna
 15751 | D:8      | HP: 1/31 [gnoll sergeant/+0 spear of venom (14)]
 15752 | D:8      | Succumbed to a gnoll sergeant's poison

Illustrated notes

Levels and vault maps discovered:
D:1:      dpeg_arrival_court, layout_loops_ring
D:2:      layout_basic, nicolae_elevator_lobby_asterisk, uniq_jessica
D:3:      layout_loops_ring, old_standard_altar, uniq_sigmund,
          uniq_crazy_yiuf_cottage, uniq_robin
D:4:      layout_cave_pods, zin_angel, nicolae_ossuary_entry_false_entrances,
          minivault_27, minmay_statues_item, minmay_starry_boxes,
          uniq_eustachio, uniq_ijyb
D:5:      minmay_spotlight, layout_loops_ring, kennysheep_mini,
          lemuel_doored_altar, minmay_temple_entry_gardened_gates
D:6:      layout_cave_pools, nzn_hepliaklqana_mist_gate, serial_column_ruins,
          column_ruins_open_tiny, column_ruins_open_small,
          column_ruins_columns_straight, column_ruins_grid_1,
          column_ruins_grid_1, serial_shops, nicolae_shop_hallway_stairs,
          minivault_14
D:7:      layout_gridville, nicolae_yredelemnul_ghost_church,
          nicolae_uskayaw_murder_on_the_dancefloor,
          nicolae_overflow_hidden_temple
D:8:      layout_basic, lair_entry_dummy, uniq_maurice

Skill      XL: |  1  2  3  4  5  6  7  8 |
---------------+-------------------------+-----
Stealth        | 3 4 5 7 8 |  8.8
Dodging        | 3 4 5 6 8 |  8.3
Conjurations   | 4 5 6 |  6.5
Spellcasting   | 3 4 6 |  6.0
Hexes          | 4 6 |  6.0

Action                   |  1- 3 |  4- 6 |  7- 9 || total
-------------------------+-------+-------+-------++-------
Melee: Unarmed           |    26 |       |    13 ||    39
       Bite              |     3 |       |     1 ||     4
       Punch             |     1 |       |       ||     1
 Cast: Magic Dart        |    61 |    96 |   190 ||   347
       Searing Ray       |       |    12 |    24 ||    36
       Fulminant Prism   |       |     1 |    14 ||    15
Invok: Channel Magic     |       |       |     1 ||     1
  Use: Scroll            |     2 |       |    15 ||    17
       Potion            |       |       |     2 ||     2
Armor: Skin              |     2 |       |    19 ||    21
Dodge: Dodged            |    32 |    19 |   277 ||   328
